 Dungeon Crawl Stone Soup version 0.26-a0-651-gb41185065b (webtiles) character file.

Game seed: 17152246518921760841

114 loralnil the Sneak (level 4, -2/23 HPs)
             Began as a Vine Stalker Brigand on Oct 20, 2020.
             Slain by a gnoll
             ... wielding a cursed +0 spear
              (9 damage)
             ... on level 3 of the Dungeon.
             The game lasted 00:03:30 (2426 turns).

loralnil the Sneak (Vine Stalker Brigand)           Turns: 2426, Time: 00:03:31

Health: -2/23      AC:  4    Str: 13    XL:     4   Next: 97%
Magic:  0/5        EV: 12    Int: 11    God:
Gold:   166        SH:  0    Dex: 17    Spells: 3/3 levels left

rFire    . . .     SeeInvis .   a - +2 dagger
rCold    + . .     Faith    .   (no shield)
rNeg     + . .     Spirit   +   b - +0 robe
rPois    .         Reflect  .   (no helmet)
rElec    .         Harm     .   c - +0 cloak
rCorr    .         Rampage  .   (no gloves)
MR       .....                  j - +0 pair of boots
Stlth    +++.......             (no amulet)
HPRegen  0.47/turn              r - ring of protection from cold
MPRegen  0.09/turn              s - ring of positive energy

@: no status effects
A: fangs 2, regeneration 1, magic shield, antimagic bite, no potion heal 3, rot
immunity
a: no special abilities


You were on level 3 of the Dungeon.
You visited 1 branch of the dungeon, and saw 3 of its levels.

You collected 166 gold pieces.

Inventory:

Hand Weapons
 a - a +2 dagger (weapon)
Missiles
 d - 12 poisoned darts (quivered)
 e - 2 curare-tipped darts
 q - 6 atropa-tipped darts
Armour
 b - a +0 robe (worn)
 c - a +0 cloak (worn)
 j - a +0 pair of boots (worn)
Jewellery
 r - a ring of protection from cold (left hand)
 s - a ring of positive energy (right hand)
Wands
 o - a wand of polymorph (8)
Scrolls
 f - 4 scrolls of identify {unknown}
 g - 2 scrolls of teleportation {unknown}
 h - 2 scrolls of fear {unknown}
 k - a scroll of remove curse {unknown}
 n - a scroll of blinking {unknown}
 p - a scroll of fog {unknown}
Potions
 i - a potion of stabbing {unknown}
 l - 2 potions of curing {unknown}
 m - a potion of resistance {unknown}
 t - a potion of heal wounds {unknown}


   Skills:
 + Level 2.4 Fighting
 + Level 2.5 Short Blades
 + Level 2.5 Throwing
 + Level 1.6 Dodging
 + Level 5.5 Stealth


You had 3 spell levels left.
You didn't know any spells.
Your spell library was empty.

Dungeon Overview and Level Annotations

Branches:
Dungeon (3/15)

Altars:


Innate Abilities, Weirdness & Mutations

You have extremely sharp teeth.
Your natural rate of healing is unusually fast.
When hurt, damage is shared between your health and your magic reserves.
Your bite disrupts and absorbs the magic of your enemies.
Potions cannot restore your health.
You are immune to rotting.


Message History

You hit the rat.
You kill the rat!
You barely miss the gnoll. The gnoll closely misses you.
The gnoll hits you from afar with a cursed +0 spear.
You barely miss the gnoll. You bite the gnoll, but do no damage.
The gnoll closely misses you.
The gnoll hits you from afar with a cursed +0 spear.
You hit the gnoll.
The gnoll is lightly wounded.
The gnoll hits you with a +0 club. The gnoll closely misses you.
You hit the gnoll. You bite the gnoll, but do no damage.
The gnoll is heavily wounded.
The gnoll hits you from afar with a cursed +0 spear.
The gnoll hits you with a +0 club!
* * * LOW HITPOINT WARNING * * *
You closely miss the gnoll. Your bite misses the gnoll.
The gnoll is heavily wounded.
The gnoll hits you with a +0 club!
The gnoll hits you from afar with a cursed +0 spear!
You die...

##.#.....g.....#
#.##.#######..#
#........gg...#
####.#######.##
#...g......#
#g#######..# #.#
#..#
######.#######..#
#.@gg...........#
#.####.†##..[...#
. #.#
#..##.##.#.# .
#.# #..........#
. .# #.#
##.##.##.### ..
#.# #.##.##.# .
#. #.# #.......#
# #.#### #.#
#...##.##
##....###.#
#...##...


You could see 2 gnolls.

Vanquished Creatures
  Jessica (D:2)
  3 adders
  4 dart slugs
  A leopard gecko (D:1)
  A ball python (D:3)
  8 bats
  4 giant cockroaches
  7 goblins
  7 hobgoblins
  A quokka (D:2)
  4 frilled lizards
  6 kobolds
  6 rats
53 creatures vanquished.

Notes
Turn   | Place    | Note
-------+----------+-------------------------------------------
     0 | D:1      | loralnil the Vine Stalker Brigand began the quest for the
                  | Orb.
     0 | D:1      | Reached XP level 1. HP: 11/11 MP: 2/2
   344 | D:1      | Reached skill level 1 in Dodging
   344 | D:1      | Reached XP level 2. HP: 15/15 MP: 3/3
   385 | D:1      | Reached skill level 5 in Stealth
   662 | D:1      | Reached XP level 3. HP: 14/18 MP: 4/4
  1515 | D:2      | Noticed Jessica
  1522 | D:2      | Killed Jessica
  1522 | D:2      | Gained mutation: Your natural rate of healing is unusually
                  | fast. [Vine Stalker growth]
  1522 | D:2      | Reached XP level 4. HP: 23/23 MP: 3/5
  2426 | D:3      | Slain by a gnoll

Illustrated notes

Levels and vault maps discovered:
D:1:      saegor_arrival_miasma, layout_basic, serial_forest,
          infiniplex_forest_lined_4_way, infiniplex_forest_straight_1,
          infiniplex_forest_straight_1, infiniplex_forest_end_2,
          infiniplex_forest_straight_3, infiniplex_forest_clump_curved
D:2:      layout_loops_corners, minivault_23, uniq_jessica
D:3:      layout_loops_ring

Skill      XL: |  1  2 |
---------------+-------+-----
Dodging        | 1 |  1.6
Fighting       | 2 |  2.4
Stealth        | 5 |  5.5
Short Blades   | 2 |  2.5
Throwing       | 2 |  2.5

Action                   |  1- 3 |  4- 6 || total
-------------------------+-------+-------++-------
Melee: Dagger            |    84 |    76 ||   160
       Bite              |    22 |    23 ||    45
 Stab: Sleeping          |    10 |     9 ||    19
       Distracted        |       |     1 ||     1
Armor: Robe              |    29 |    13 ||    42
Dodge: Dodged            |    32 |    28 ||    60

Table legend: (Time is in decaauts)
 A = Elapsed time spent in this place.
 B = Non-inter-level travel time spent in this place.
 C = Inter-level travel time spent in this place.
 D = Time resting spent in this place.
 E = Time spent auto-exploring this place.
 F = Levels seen in this place.
 G = Mean time per level.
                   A        B        C        D        E       F      G
               +--------+--------+--------+--------+--------+-----+--------+
         Total |   2408 |   2368 |     40 |     43 |   1879 |   3 |  802.7 |
       Dungeon |   2408 |   2368 |     40 |     43 |   1879 |   3 |  802.7 |
               +--------+--------+--------+--------+--------+-----+--------+

Top non-repeatable levels by time:
     D:1: 1252 daAuts
     D:2: 879 daAuts
     D:3: 276 daAuts
